 Dungeon Crawl Stone Soup version 0.23.2 (webtiles) character file.

Game seed: 16109543076775983348

17852 zhovat1 the Geomancer (level 12, -5/77 HPs)
             Began as a Gargoyle Earth Elementalist on Apr 10, 2019.
             Was a Priest of Ashenzari.
             Slain by a wolf spider (6 damage)
             ... on level 3 of the Lair of Beasts.
             The game lasted 00:32:53 (15753 turns).

zhovat1 the Geomancer (GrEE)                       Turns: 15753, Time: 00:32:54

Health: -5/77      AC: 18    Str: 13    XL:     12   Next: 52%
Magic:  33/33      EV: 12    Int: 20    God:    Ashenzari [***...]
Gold:   387        SH:  3    Dex: 10    Spells: 13/28 levels left

rFire    + . .     SeeInvis +   w - +2 mace (vamp) (curse)
rCold    + . .     Gourm    .   J - +0 buckler
rNeg     + . .     Faith    .   M - +2 robe {rC+ rF+} (curse)
rPois    ∞         Spirit   .   (no helmet)
rElec    +         Reflect  .   v - +1 cloak {MR+} (curse)
rCorr    .         Harm     .   y - +0 pair of gloves
MR       +....                  x - +2 pair of boots of the Assassin {Detection Stab+ Stlth++} (curse)
Stlth    ++++......             (no amulet)
HPRegen  0.22/turn              h - ring of wizardry
MPRegen  0.23/turn              A - ring of magical power

@: no status effects
A: negative energy resistance 1, electricity resistance, unbreathing,
petrification resistance, rot immunity, AC +8
a: Curse Item, Scrying, Renounce Religion


You were on level 3 of the Lair of Beasts.
You worshipped Ashenzari.
Ashenzari was most pleased with you.
You were not hungry.

You visited 4 branches of the dungeon, and saw 16 of its levels.
You also visited: Ossuary.

You collected 807 gold pieces.
You spent 420 gold pieces at shops.

Inventory:

Hand Weapons
 w - a cursed +2 vampiric mace (weapon)
Missiles
 b - 297 stones (quivered)
Armour
 v - a cursed +1 cloak of magic resistance (worn)
 x - the cursed +2 pair of boots of the Assassin (worn) {Detection Stab+ Stlth++}
   (You found it on level 5 of the Dungeon)

   It makes you much more stealthy.
   It has a curse placed upon it.
 y - a +0 pair of gloves (worn)
 H - a +0 troll leather armour
 J - a +0 buckler (worn)
 M - a cursed +2 robe of resistance (worn)
Jewellery
 c - an uncursed ring of magical power
 h - a ring of wizardry (left hand)
 j - an uncursed ring of resist corrosion
 A - a ring of magical power (right hand)
 K - an uncursed ring of flight
Wands
 k - a wand of digging (6)
 m - a wand of flame (32)
 E - a wand of paralysis (4)
 F - a wand of enslavement (7)
 I - a wand of polymorph (13)
 N - a wand of random effects (31)
Scrolls
 g - 3 scrolls of enchant armour
 i - 12 scrolls of teleportation
 l - 2 scrolls of fear
 p - 2 scrolls of magic mapping
 q - 2 scrolls of enchant weapon
 u - 3 scrolls of amnesia
 z - 2 scrolls of blinking
 B - 4 scrolls of identify
 C - 4 scrolls of remove curse
 L - 2 scrolls of fog
Potions
 a - 3 potions of might
 e - a potion of invisibility
 n - 4 potions of ambrosia
 o - a potion of flight
 r - 2 potions of brilliance
 s - 2 potions of haste
 t - a potion of lignification
 D - 2 potions of heal wounds
 G - 2 potions of curing
 O - a potion of cancellation
Comestibles
 d - 21 rations


   Skills:
 + Level 10.2 Fighting
 - Level 1.5(2.9) Dodging
 - Level 2.1(3.6) Stealth
 - Level 1.0 Shields
 + Level 8.9 Spellcasting
 * Level 11.8 Conjurations
 - Level 0.7 Transmutations
 + Level 12.9 Earth Magic


You had 13 spell levels left.
You knew the following spells:

 Your Spells              Type           Power        Failure   Level  Hunger
a - Sandblast             Erth           ######       1%          1    None
b - Stone Arrow           Conj/Erth      ######       1%          3    None
c - Passwall              Tmut/Erth      #####...     1%          2    None
d - Lee's Rapid Deconstr  Erth           ######....   1%          5    #####..
e - Petrify               Tmut/Erth      #####...     2%          4    ###....

Your spell library contained the following spells:

 Spells                   Type           Power        Failure   Level  Hunger
 Shock                    Conj/Air       ####         1%          1    None
 Sting                    Conj/Pois      ####         1%          1    None
 Static Discharge         Conj/Air       ####....     1%          3    None
 Mephitic Cloud           Conj/Pois/Air  ###.....     2%          3    None
 Beastly Appendage        Tmut           ##....       3%          1    None
 Animate Skeleton         Necr           N/A          4%          1    None
 Apportation              Tloc           #.....       4%          1    None
 Confusing Touch          Hex            #.....       4%          1    None
 Pain                     Necr           #...         4%          1    None
 Summon Small Mammal      Summ           #...         4%          1    None
 Sticks to Snakes         Tmut           ##......     5%          2    None
 Poisonous Vapours        Pois/Air       #.....       7%          2    None
 Swiftness                Chrm/Air       #.......     7%          2    None
 Spider Form              Tmut/Pois      ##........   12%         3    None
 Lightning Bolt           Conj/Air       ####......   12%         5    #####..
 Venom Bolt               Conj/Pois      ####......   12%         5    #####..
 Regeneration             Chrm/Necr      #.........   14%         3    None
 Vampiric Draining        Necr           #.........   14%         3    None
 Ice Form                 Ice/Tmut       ##......     34%         4    ###....
 Airstrike                Air            #.........   41%         4    ###....
 Animate Dead             Necr           N/A          41%         4    ###....
 Olgreb's Toxic Radiance  Pois           #.......     41%         4    ###....
 Blade Hands              Tmut           ##........   65%         5    #####..


Dungeon Overview and Level Annotations

Branches:
Dungeon (11/15)            Temple (1/1) D:7            Lair (3/6) D:11
 Spider (1/4) Lair:3
  Swamp: Lair:2-4    Shoals: Lair:2-4       Orc: D:9-12

Altars:
Ashenzari
Cheibriados
Dithmenos
Elyvilon
Fedhas
Gozag
Hepliaklqana
Kikubaaqudgha
Makhleb
Nemelex Xobeh
Okawaru
Qazlal
Ru
Sif Muna
Trog
Uskayaw
Vehumet
Wu Jian
Xom
Yredelemnul
Zin
The Shining One

Shops:
D:7 =%[(}   D:9 %


Innate Abilities, Weirdness & Mutations

You are resistant to torment.
Your stone body is resilient. (AC +8)
You are immune to poison.
You resist negative energy. (rN+)
You are resistant to electric shocks. (rElec)
You can survive without breathing.
You are immune to petrification.
You are immune to rotting.


Message History

The redback bites you but does no damage.
The wolf spider hits you!
The wolf spider bites you but does no damage.
The redback completely misses you. You block the redback's attack. x2
The wolf spider hits you!
The wolf spider bites you but does no damage.
The redback bites you!
* * * LOW HITPOINT WARNING * * *
The redback closely misses you.
The redback bites you but does no damage.
The wolf spider hits you!
* * * LOW HITPOINT WARNING * * *
The wolf spider bites you.
* * * LOW HITPOINT WARNING * * *
The redback bites you but does no damage.
The redback barely misses you.
You climb upwards.
Welcome back to the Lair of Beasts!
There is a hole to the Spider Nest here.
The wolf spider hits you.
You die...

..........................
##P<......................
,,
##.................[.....
, #......................(
###..................... ,
#......≈≈≈.≈≈≈..#.### ,
.....≈.≈≈.≈≈.≈####
#....≈≈.≈.≈.≈≈≈#
*....>≈≈≈.s@≈≈≈##
........ss....#
.....≈≈≈..s≈≈≈##
.....≈≈.≈.≈.≈≈≈##
.....≈.≈≈.≈≈.≈≈P#
......≈≈≈.≈≈≈.###
...<....#..≈###
..........## * .......###


You could see a wolf spider and 3 redbacks.

Vanquished Creatures
  Harold (D:7)
  A hydra (Lair:1)
  Pikel (D:4)
  2 wolf spiders
  A cyclops (D:11)
  4 spiny frogs
  A rime drake (Lair:1)
  5 komodo dragons
  A jumping spider (Lair:3)
  2 trolls (D:11)
  A wind drake (shapeshifter) (D:10)
  A hippogriff (Lair:1)
  8 redbacks
  2 wyverns
  A tarantella (Spider:1)
  A spriggan (D:9)
  12 yaks
  2 hungry ghosts (D:8)
  An acid dragon (D:10)
  8 water moccasins
  2 orc warriors (D:9)
  3 porcupines
  A black bear (D:9)
  4 ice beasts
  2 sky beasts
  6 ogres
  A phantom (D:5)
  5 wolves (Lair:2)
  An eye of draining (D:11)
  2 necrophages (D:11)
  3 centaurs
  2 crocodiles (Lair:2)
  3 elf zombies (Ossuary)
  2 big kobolds
  12 bullfrogs
  2 wyvern zombies
  4 scorpions
  3 killer bees (D:7)
  3 jellies
  2 centaur zombies
  3 howler monkeys
  6 crimson imps
  5 bullfrog zombies
  A quasit (D:11)
  7 hounds
  2 orc priests
  Crazy Yiuf (D:3)
  4 centaur skeletons
  2 iguanas
  Jessica (D:2)
  7 orc wizards
  5 worker ants
  2 big kobold zombies (Ossuary)
  A hound zombie (D:11)
  2 mummies (Ossuary)
  A hound skeleton (D:6)
  2 worker ant zombies
  13 adders
  3 gnolls
  2 shadow imps
  3 oozes
  4 adder zombies (Ossuary)
  An adder skeleton (D:4)
  4 worms
  4 leopard geckos
  37 orcs
  3 ball pythons
  11 bats
  6 giant cockroaches
  11 goblins
  7 hobgoblins
  15 jackals
  6 quokkas
  4 frilled lizards
  A goblin zombie (Ossuary)
  7 hobgoblin zombies (Ossuary)
  12 kobolds
  5 kobold zombies (Ossuary)
  13 orc zombies (Ossuary)
  12 rats
  A rat zombie (Ossuary)
356 creatures vanquished.

Vanquished Creatures (others)
  A plant (D:11)
1 creature vanquished.

Grand Total: 357 creatures vanquished

Notes
Turn   | Place    | Note
-------+----------+-------------------------------------------
     0 | D:1      | zhovat1 the Gargoyle Earth Elementalist began the quest for
                  | the Orb.
     0 | D:1      | Reached XP level 1. HP: 10/10 MP: 3/3
   165 | D:1      | Reached skill level 4 in Earth Magic
   165 | D:1      | Reached XP level 2. HP: 14/16 MP: 5/5
   622 | D:1      | Reached skill level 1 in Fighting
   758 | D:1      | Reached XP level 3. HP: 18/20 MP: 6/6
  1168 | D:2      | Noticed Jessica
  1172 | D:2      | Killed Jessica
  1172 | D:2      | Reached XP level 4. HP: 19/26 MP: 5/7
  1173 | D:2      | Reached skill level 5 in Earth Magic
  1692 | D:2      | Learned a level 3 spell: Stone Arrow
  1802 | D:2      | Found a faded altar of an unknown god.
  2392 | D:2      | Reached XP level 5. HP: 25/30 MP: 6/9
  3239 | D:3      | Reached skill level 6 in Earth Magic
  3239 | D:3      | Reached XP level 6. HP: 8/36 MP: 5/10
  3632 | D:3      | Found a runed translucent door.
  3633 | D:3      | Noticed Crazy Yiuf
  3640 | D:3      | Killed Crazy Yiuf
  3789 | D:4      | Reached skill level 7 in Earth Magic
  3789 | D:4      | Reached XP level 7. HP: 40/41 MP: 7/12
  3977 | D:4      | Found a stormy altar of Qazlal.
  4056 | D:4      | Found a sand-covered staircase.
  4062 | Ossuary  | Entered an ossuary
  4265 | Ossuary  | Reached skill level 8 in Earth Magic
  4463 | D:4      | Reached XP level 8. HP: 48/48 MP: 14/14
  4627 | D:4      | Noticed Pikel
  4635 | D:4      | Killed Pikel
  4635 | D:4      | Reached skill level 5 in Fighting
  4635 | D:4      | Reached skill level 5 in Spellcasting
  4635 | D:4      | Reached skill level 9 in Earth Magic
  5145 | D:5      | Entered Level 5 of the Dungeon
  5379 | D:5      | Learned a level 2 spell: Passwall
  5385 | D:5      | Learned a level 5 spell: Lee's Rapid Deconstruction
  5390 | D:5      | Learned a level 4 spell: Petrify
  5480 | D:5      | Reached skill level 1 in Conjurations
  5535 | D:5      | Found a hazy altar of Hepliaklqana.
  5900 | D:5      | Reached XP level 9. HP: 50/55 MP: 16/16
  5903 | D:5      | Found the +2 pair of boots of the Assassin {Detection Stab+
                  | Stlth++}
  6209 | D:5      | Found a deep blue altar of Sif Muna.
  6450 | D:6      | Reached skill level 10 in Earth Magic
  7352 | D:7      | Found Geugid's Jewellery Shoppe.
  7413 | D:7      | Found a staircase to the Ecumenical Temple.
  7433 | Temple   | Entered the Ecumenical Temple
  7560 | Temple   | Became a worshipper of Ashenzari the Shackled
  7597 | D:7      | Found Xianeal's Antique Weapon Boutique.
  7601 | D:7      | Noticed Harold
  7610 | D:7      | Killed Harold
  7651 | D:7      | Found a basalt altar of Yredelemnul.
  7672 | D:7      | Reached XP level 10. HP: 63/63 MP: 19/19
  8094 | D:7      | Found Woelon's Gadget Boutique.
  8110 | D:7      | Found Ciump's Antique Armour Emporium.
  8115 | D:7      | Found Wiluykuc's Food Shoppe.
  8287 | D:8      | Found a glowing silver altar of Zin.
  8451 | D:8      | Found a shadowy altar of Dithmenos.
  8910 | D:8      | Found a snail-covered altar of Cheibriados.
  9227 | D:8      | Reached skill level 11 in Earth Magic
  9395 | D:9      | Reached skill level 1 in Shields
 10130 | D:9      | Found Qieraogg's Food Shoppe.
 10327 | D:9      | Reached * piety under Ashenzari
 10376 | D:9      | Reached XP level 11. HP: 60/68 MP: 20/21
 10631 | D:9      | Found a bloodstained altar of Trog.
 10698 | D:7      | Bought an uncursed ring of wizardry for 420 gold pieces
 10772 | D:10     | Entered Level 10 of the Dungeon
 12127 | D:11     | Reached ** piety under Ashenzari
 12127 | D:11     | Noticed a cyclops
 12217 | D:11     | Killed a cyclops
 12530 | D:11     | Found a staircase to the Lair.
 12750 | D:11     | Reached skill level 12 in Earth Magic
 12809 | Lair:1   | Entered Level 1 of the Lair of Beasts
 12909 | Lair:1   | Reached skill level 10 in Conjurations
 13243 | Lair:1   | Noticed a four-headed hydra
 13251 | Lair:1   | Killed a four-headed hydra
 13563 | Lair:1   | Reached XP level 12. HP: 23/76 MP: 2/24
 13822 | Lair:1   | Reached *** piety under Ashenzari
 13913 | Lair:1   | Identified the +9 scale mail "Gokus" {rPois}
 14651 | Lair:2   | Identified the cursed +1 leather armour of Yrchiam {rC++
                  | Dex-2}
 15318 | Lair:3   | Found a hole to the Spider Nest.
 15337 | Lair:3   | Reached skill level 10 in Fighting
 15431 | Spider:1 | Entered Level 1 of the Spider Nest
 15447 | Lair:3   | HP: 3/77 [wolf spider[a torpor snail] (6)]
 15751 | Spider:1 | HP: 2/77 [wolf spider (16)]
 15753 | Lair:3   | Slain by a wolf spider

Skill      XL: |  1  2  3  4  5  6  7  8  9 10 11 12 |
---------------+-------------------------------------+-----
Earth Magic    | 4 5 6 7 8 9 10 11 12 | 12.9
Fighting       | 1 2 3 4 5 7 8 9 10 | 10.2
Spellcasting   | 3 4 5 6 7 8 |  8.9
Conjurations   | 2 6 8 10 11 | 11.8
Shields        | 1 |  1.0
Dodging        | |  1.5
Stealth        | |  2.1
Transmutations | |  0.7

Action                   |  1- 3 |  4- 6 |  7- 9 | 10-12 || total
-------------------------+-------+-------+-------+-------++-------
Melee: Unarmed           |    47 |       |       |       ||    47
       Club              |    92 |    91 |       |       ||   183
       Spear             |       |    53 |       |       ||    53
       Mace              |       |       |   269 |   185 ||   454
 Cast: Sandblast         |    12 |    57 |    78 |    53 ||   200
       Stone Arrow       |       |     1 |    49 |   260 ||   310
       Lee's Rapid Decon |       |       |       |     8 ||     8
Invok: Curse Item        |       |       |       |     4 ||     4
  Use: Scroll            |     6 |     4 |     9 |     9 ||    28
       Potion            |       |       |     2 |     1 ||     3
 Stab: Sleeping          |     4 |     5 |     6 |     8 ||    23
       Distracted        |       |     1 |       |       ||     1
  Eat: Chunk             |     1 |     9 |    15 |    27 ||    52
       Ration            |       |       |       |     2 ||     2
Armor: Robe              |    66 |    72 |   206 |   192 ||   536
       Skin              |       |       |    22 |       ||    22
Dodge: Dodged            |   151 |   134 |   302 |   232 ||   819
Block: Buckler           |       |       |       |    43 ||    43
